AoeStats
← _The_Lion

Arabia

505585764Analyzed
3v3 RM · 23d ago on Sep 10, 2026· 31m 48s· 6 players
Game mode
Random Map
Map size
Normal (6 player)
Population
200
Speed
Normal
Resources
Standard
Victory
Conquest
Starting age
Dark Age
Ending age
Imperial Age
RankedLock teamsTeams togetherTeam positionsShared explorationLock speedFull tech treeHidden civsTurbo modeCheats
Victory
Defeat
🇦🇷 Ethiopians · Argentina
1444
+15
🇦🇷 Wei · Argentina
1405
+17
🇨🇴 Maya · Colombia
1384
+18
🇧🇷 Bulgarians · Brazil
1439
-17
🇭🇰 Poles · Hong Kong SAR China
1427
-17
🇨🇦 Magyars · Canada
1409
-16
_The_Lion
6:06 Loom
9:00 Feudal Age
11:09 Scale Barding Armor
19:22 Bloodlines
25:10 Castle Age
23:01 Horse Collar
23:38 Gold Mining
23:45 Double-Bit Axe
25:19 Light Cavalry
26:23 Chain Barding Armor
26:27 Bow Saw
28:29 Husbandry
Aron
8:03 Loom
10:52 Feudal Age
11:28 Double-Bit Axe
13:43 Scale Barding Armor
16:31 Forging
18:13 Wheelbarrow
21:36 Castle Age
20:27 Horse Collar
20:42 Gold Mining
21:12 Bloodlines
25:37 Husbandry
27:37 Chain Barding Armor
拿捏木村
6:32 Loom
8:59 Feudal Age
9:29 Double-Bit Axe
10:10 Horse Collar
11:20 Town Watch
22:20 Castle Age
20:32 Gold Mining
22:17 Wheelbarrow
23:15 Bow Saw
23:11 Fletching
23:34 Bodkin Arrow
23:27 Crossbowman
26:11 Padded Archer Armor
26:16 Heavy Plow
IA (versión en CD)
1:15 Loom
6:57 Loom
9:15 Feudal Age
15:02 Fletching
24:58 Castle Age
24:02 Gold Mining
24:47 Double-Bit Axe
25:03 Crossbowman
25:40 Bodkin Arrow
28:22 Ballistics
30:24 Thumb Ring
mssguio
0:29 Loom
10:04 Feudal Age
11:01 Double-Bit Axe
17:49 Castle Age
15:47 Horse Collar
16:11 Gold Mining
16:29 Fletching
18:03 Crossbowman
21:28 Wheelbarrow
21:49 Bodkin Arrow
23:24 Bow Saw
29:16 Ballistics
30:13 Thumb Ring
Tiranosaurio
6:47 Loom
8:59 Feudal Age
9:51 Double-Bit Axe
17:54 Forging
18:16 Scale Barding Armor
17:59 Horse Collar
18:10 Gold Mining
22:13 Castle Age
21:15 Stone Mining
22:03 Bloodlines
23:18 Chain Barding Armor
23:11 Bow Saw
23:02 Heavy Plow
23:48 Bow Saw
24:22 Husbandry
30:59 Gold Shaft Mining
32:23 Wheelbarrow
31:33 Town Watch
Connection lost

Rejoining the realm…

Still unreachable

The connection could not be restored.

Session expired

The server has moved on; the page needs a fresh start.